AoeStats
← Juankhan

Glade

510321537Analyzed
1v1 RM · 22h ago on Sep 30, 2026· 38m 1s· 2 players
Game mode
Random Map
Map size
Tiny (2 player)
Population
200
Speed
Normal
Resources
Standard
Victory
Conquest
Starting age
Dark Age
Ending age
Imperial Age
RankedLock teamsTeams togetherTeam positionsShared explorationLock speedFull tech treeHidden civsTurbo modeCheats
Victory
Defeat
🇨🇱 Romans · Chile
1145
+14
🇬🇧 Goths · United Kingdom
1112
-14
Isaac Hunt
2:50 Loom
10:26 Feudal Age
10:42 Man-at-Arms
12:28 Forging
14:46 Horse Collar
17:23 Wheelbarrow
19:01 Scale Mail Armor
19:03 Padded Archer Armor
19:54 Double-Bit Axe
23:02 Fletching
23:29 Gold Mining
28:06 Castle Age
27:06 Scale Barding Armor
28:55 Bloodlines
30:20 Chain Barding Armor
30:59 Husbandry
31:39 Bodkin Arrow
37:36 Heavy Plow
38:05 Bow Saw
Juankhan
11:57 Feudal Age
13:43 Fletching
15:03 Double-Bit Axe
20:32 Castle Age
18:37 Man-at-Arms
19:18 Scale Mail Armor
19:09 Horse Collar
19:22 Gold Mining
20:36 Long Swordsman
21:57 Loom
25:19 Chain Mail Armor
25:38 Squires
33:44 Wheelbarrow
34:13 Forging
35:16 Pikeman
Connection lost

Rejoining the realm…

Still unreachable

The connection could not be restored.

Session expired

The server has moved on; the page needs a fresh start.